 Dungeon Crawl Stone Soup version 0.31-a0-1338-gb567cfdca4 (webtiles) character file.

Game seed: 713759324794190910

3 croobank the Ruffian (level 1, -1/16 HPs)
             Began as a Demigod Shapeshifter on Dec 21, 2023.
             Slain by a kobold
             ... wielding a +1 short sword of flaming
              (4 damage)
             ... on level 1 of the Dungeon.
             The game lasted 00:00:14 (135 turns).

croobank the Ruffian (Demigod Shapeshifter)          Turns: 135, Time: 00:00:15

Health: -1/16      AC:  2    Str: 15    XL:     1   Next: 33%
Magic:  3/3        EV: 12    Int: 12    God:
Gold:   4          SH:  0    Dex: 13    Spells: 0/0 levels left

rFire   . .          .
                       - Unarmed
rCold   . . .        (no shield)
rNeg    . . .        a - +0 animal skin
rPois   .            (helmet currently unavailable)
rElec   .            (cloak currently unavailable)
rCorr   .            (gloves currently unavailable)
SInv    .            (boots currently unavailable)
Will    .....        (no amulet)
Stlth   +            (no ring)
HPRegen 0.22/turn    (no ring)
MPRegen 0.08/turn

%: no passive effects
@: beast-form
A: beast (slay +1), high MP 1, forlorn, divine attributes
a: Begin Untransformation


You were on level 1 of the Dungeon.
You were a hulking beast.
You visited 1 branch of the dungeon, and saw 1 of its levels.

You collected 4 gold pieces.

Inventory:

Armour
 a - a +0 animal skin (worn)
Talismans
 c - a beast talisman
 d - a flux talisman
Potions
 b - a potion of lignification


   Skills:
 + Level 1.0 Fighting
 + Level 1.8 Dodging
 + Level 2.7 Unarmed Combat
 + Level 2.7 Shapeshifting


You couldn't memorise any spells.
You didn't know any spells.
Your spell library was empty.

Dungeon Overview and Level Annotations

Branches:
Dungeon (1/15)


Innate Abilities, Weirdness & Mutations

You are a hulking beast.
Your limbs bulge with bestial killing power. (Slay +1)
You have an increased reservoir of magic. (+10% MP)
You shall have no god before yourself.
Your divine heritage dramatically boosts your attributes as you level up.


Message History

You hit the hobgoblin.
You kill the hobgoblin!
You start resting.
HP restored.
You see here a hobgoblin corpse.
You now have 4 gold pieces.
A goblin comes into view. It is wielding a +0 club.
The goblin shouts!
You hit the goblin.
You kill the goblin!
Your Fighting skill increases to level 1!
You see here a +0 club.
A kobold comes into view.
It is wielding a +1 short sword of flaming.
The kobold shouts!
You closely miss the kobold. The kobold closely misses you.
You hit the kobold but do no damage.
The kobold hits you with a +1 short sword of flaming.
The kobold burns you.
You closely miss the kobold.
The kobold hits you with a +1 short sword of flaming.
The kobold burns you.
You barely miss the kobold. The kobold barely misses you.
You hit the kobold.
The kobold is moderately wounded.
The kobold hits you with a +1 short sword of flaming.
The kobold burns you.
You closely miss the kobold.
The kobold is moderately wounded.
The kobold hits you with a +1 short sword of flaming.
The kobold burns you.
You hit the kobold but do no damage.
The kobold is moderately wounded.
The kobold hits you with a +1 short sword of flaming.
* * * LOW HITPOINT WARNING * * *
The kobold burns you.
* * * LOW HITPOINT WARNING * * *
You closely miss the kobold.
The kobold is moderately wounded.
The kobold hits you with a +1 short sword of flaming.
You die...

#.# #######.#####
#.# ............#
#.# #######.###.#
#.# ###.#.##.# #.#
.......###.... #.#
.######.#.##.. #.##
##..###..
#.##.#####.#......
#h...........###..
#!K...........###..
#.###..............
#. #.######..####.
#. # #..## #. #...#
#. ##..# #.
###..#### #.......#


You could see a kobold.

Vanquished Creatures
  A goblin (D:1)
  A hobgoblin (D:1)
  A frilled lizard (D:1)
3 creatures vanquished.

Notes
Turn   | Place    | Note
-------+----------+-------------------------------------------
     0 | D:1      | croobank the Demigod Shapeshifter began the quest for the
                  | Orb.
     0 | D:1      | Reached XP level 1. HP: 15/15 MP: 3/3
   101 | D:1      | Reached skill level 1 in Fighting
   135 | D:1      | Slain by a kobold

Illustrated notes

Levels and vault maps discovered:
D:1:      psy_arrival_radial01, layout_loops_ring, basic_ecumenical_altar

Skill      XL: |  1 |
---------------+----+-----
Fighting       | 1 |  1.0
Dodging        | |  1.8
Unarmed Combat | |  2.7
Shapeshifting  | |  2.7

Action                     || total
---------------------------++-------
  Melee: Unarmed           ||    14
 Armour: Animal skin       ||     9
  Dodge: Dodged            ||     2

Table legend: (Time is in decaauts)
 A = Elapsed time spent in this place.
 B = Non-inter-level travel time spent in this place.
 C = Inter-level travel time spent in this place.
 D = Time resting spent in this place.
 E = Time spent auto-exploring this place.
 F = Levels seen in this place.
 G = Mean time per level.
                   A        B        C        D        E       F      G
               +--------+--------+--------+--------+--------+-----+--------+
         Total |    134 |    134 |      0 |     20 |     80 |   1 |  134.0 |
       Dungeon |    134 |    134 |      0 |     20 |     80 |   1 |  134.0 |
               +--------+--------+--------+--------+--------+-----+--------+

Top non-repeatable levels by time:
     D:1: 134 daAuts
